 Dungeon Crawl Stone Soup version 0.16.2-2-g470672f (webtiles) character file.

659 poirepourri the Skirmisher (level 7, -1/64 HPs)
             Began as a Hill Orc Berserker on Aug 23, 2015.
             Was a Priest of Trog.
             Slain by Thomus' ghost (6 damage)
             ... while paralysed by Thomus' ghost
             ... on level 4 of the Dungeon.
             The game lasted 00:11:57 (4088 turns).

poirepourri the Skirmisher (Hill Orc Berserker)     Turns: 4088, Time: 00:11:57

Health: -1/64      AC:  5    Str: 22    XL:     7   Next: 55%
Magic:  6/7        EV:  2    Int:  7    God:    Trog [***...]
Gold:   177        SH:  0    Dex: 12    Spells: 0 memorised, 6 levels left

rFire  . . .     SeeInvis .     a - +0 hand axe
rCold  . . .     Clarity  .     g - +0 ring mail "Uvotwi Syoj" {Dex+2}
rNeg   . . .     SustAb   .     (no shield)
rPois  .         Gourm    .     (no helmet)
rElec  .         Spirit   .     (no cloak)
rCorr  .         Warding  .     (no gloves)
rMut   .         Stasis   .     (no boots)
MR     .....                    (no amulet)
Stlth  +.........               (no ring)
                                (no ring)

@: paralysed, lethally poisoned (-1 -> -9), exhausted, very slightly
contaminated, hasted and slowed, drained, not resistant to hostile enchantments,
very unstealthy
A: no striking features
a: Burn Spellbooks, Berserk, Trog's Hand, Renounce Religion


You were on level 4 of the Dungeon.
You worshipped Trog.
Trog was most pleased with you.
You were not hungry.

You visited 1 branch of the dungeon, and saw 4 of its levels.

You collected 177 gold pieces.

Inventory:

Hand weapons
 a - a +0 hand axe (weapon)
Armour
 b - a +0 animal skin
 d - a +1 leather armour
 g - the +0 ring mail "Uvotwi Syoj" (worn) {Dex+2}
   (You found it on level 4 of the Dungeon)

   It affects your dexterity (+2).
 k - a +0 cloak
Magical devices
 h - a wand of flame (19)
Scrolls
 c - 3 scrolls of identify
 e - 2 scrolls of enchant armour
 f - 3 scrolls of remove curse
 j - a scroll of recharging {unknown}
Potions
 m - 2 potions of restore abilities
Comestibles
 i - a bread ration
 n - a beef jerky
 p - a chunk of flesh


   Skills:
 * Level 6.4(6.2) Fighting
 + Level 5.8(5.5) Axes
 + Level 4.2(4.0) Armour
 + Level 3.5(3.3) Dodging
 + Level 1.7(1.5) Stealth


You had 6 spell levels left.
You didn't know any spells.

Dungeon Overview and Level Annotations

Branches:
Dungeon (4/15)
 Temple: D:4-7

Altars:
Okawaru
Ru

Annotations:
D:4 Thomus' ghost, experienced DsCK


Message History

Thomus' ghost is lightly damaged.
You feel sick. Thomus' ghost hits you.
You are more poisoned.
You barely miss Thomus' ghost.
Thomus' ghost is lightly damaged.
You feel sick. Thomus' ghost hits you.
* * * LOW HITPOINT WARNING * * *
You suddenly lose the ability to move!
You feel sick. Thomus' ghost hits you.
* * * LOW HITPOINT WARNING * * *
You feel sick. Thomus' ghost hits you.
* * * LOW HITPOINT WARNING * * *
You feel drained.
* * * LOW HITPOINT WARNING * * *
You feel sick. Thomus' ghost hits you.
* * * LOW HITPOINT WARNING * * *
You feel your power leaking away.
* * * LOW HITPOINT WARNING * * *
You feel sick. Thomus' ghost hits you.
You die...

. ......... ..#
........ .. .......
.. #. .....# . .#
##.# ####.. ..# ##.#
...# #.. #..# #..
#..### #..
#..###W####
#.....###..
#...@...###.# .....#
#...........# ##...#
#.#..####...####....#
#.
##..###....#...##.#
.. ##.##..##...####..
. #...####..## ###.
##.## #..####... #.#
#......... ..#
#....####..


You could see Thomus' ghost.

Vanquished Creatures
  Grinder (D:3)
  Sigmund (D:3)
  An ogre (D:4)
  Crazy Yiuf (D:3)
  An iguana (D:4)
  An orc priest (D:3)
  2 worker ants (D:4)
  Ijyb (D:3)
  6 adders
  A giant mite (D:4)
  2 worms
  An adder skeleton (D:3)
  2 giant geckos
  An ooze (D:3)
  4 orcs
  5 giant cockroaches
  12 goblins
  7 hobgoblins
  8 jackals
  A quokka (D:2)
  A ball python (D:1)
  7 bats
  3 giant newts (D:1)
  11 kobolds
  A quokka skeleton (D:4)
  12 rats
94 creatures vanquished.

Notes
Turn   | Place    | Note
--------------------------------------------------------------
     0 | D:1      | poirepourri, the Hill Orc Berserker, began the quest for the Orb.
     0 | D:1      | Reached XP level 1. HP: 19/19 MP: 1/1
   284 | D:1      | Reached XP level 2. HP: 14/27 MP: 2/2
   739 | D:1      | Acquired Trog's second power
   739 | D:1      | Reached XP level 3. HP: 30/33 MP: 3/3
   998 | D:2      | HP: 1/33 [worm (7)]
  1566 | D:2      | Reached XP level 4. HP: 33/41 MP: 4/4
  2302 | D:3      | Noticed Sigmund
  2329 | D:3      | Killed Sigmund
  2329 | D:3      | Reached skill level 5 in Axes
  2329 | D:3      | Reached XP level 5. HP: 21/47 MP: 5/5
  2416 | D:3      | Noticed Ijyb
  2416 | D:3      | Reached skill level 5 in Fighting
  2416 | D:3      | Reached skill level 1 in Stealth
  2427 | D:3      | Killed Ijyb
  2688 | D:3      | Reached XP level 6. HP: 56/56 MP: 6/6
  2752 | D:3      | Noticed Crazy Yiuf
  2764 | D:3      | Killed Crazy Yiuf
  2812 | D:3      | Found a sacrificial altar of Ru.
  2896 | D:3      | Noticed Grinder
  2931 | D:3      | Killed Grinder
  2931 | D:3      | Reached XP level 7. HP: 41/62 MP: 7/7
  3095 | D:3      | Found an iron altar of Okawaru.
  3220 | D:4      | Reached skill level 6 in Fighting
  3436 | D:4      | Got an encrusted ring mail
  3447 | D:4      | Identified the +0 ring mail "Uvotwi Syoj" {Dex+2} (You found it on level 4 of the Dungeon)
  3926 | D:4      | Noticed Thomus' ghost (experienced DsCK)
  3940 | D:4      | Paralysed by Thomus' ghost for 5 turns
  4084 | D:4      | Paralysed by Thomus' ghost for 7 turns
  4088 | D:4      | Slain by Thomus' ghost

Action                   |  1- 3 |  4- 6 |  7- 9 || total
-------------------------+-------+-------+-------++-------
Melee: Hand axe          |   160 |   127 |   119 ||   406
Invok: Berserk           |     2 |     6 |     3 ||    11
       Trog's Hand       |       |     2 |     1 ||     3
  Use: Scroll            |     2 |     3 |     2 ||     7
       Potion            |     1 |     6 |     3 ||    10
 Stab: Sleeping          |       |     1 |       ||     1
       Invisible         |       |     1 |       ||     1
  Eat: Meat ration       |     1 |       |       ||     1
       Chunk             |     1 |       |       ||     1
       Bread ration      |       |     2 |     2 ||     4
